Map: Goldenaura LE

Players

LiquidMaNa (MaNa) - Winner!

  • Race: Protoss Protoss
  • League: Grandmaster
  • Spawn Location: 5:00

Highdra

  • Race: Protoss Protoss
  • Spawn Location: 12:00

Event: HomeStory Cup XXV

VOD

Have the link to the VOD?

Description

Time

  • Played on: June 21, 2024, 8:20 a.m.
  • Length: 10:29

All games in this series

Show
View Real Time Build Order
Export as new Build Order

LiquidMaNa Protoss - Winner!

Build Orders: Oracle Opening 

Get SALT Encoding   

  12  0:00  Probe  
  13  0:12  Probe  
  14  0:17  Pylon  
  14  0:24  Probe (Chrono Boost)  
  15  0:36  Probe (Chrono Boost)  
  15  0:37  Gateway  
  16  0:44  Probe (Chrono Boost)  
  16  0:46  Assimilator  
  17  0:51  Probe  
  18  1:03  Probe (Chrono Boost)  
  19  1:05  Assimilator  
  19  1:09  Gateway  
  20  1:12  Probe (Chrono Boost)  
  20  1:17  Probe (Chrono Boost)  
  21  1:26  Cybernetics Core  
  21  1:29  Probe  
  22  1:36  Pylon  
  22  1:41  Probe  
  23  2:03  Adept, Stargate  
  27  2:11  Warp Gate  
  27  2:16  Adept  
  27  2:19  Pylon  
  27  2:32  Pylon  
  27  2:33  Probe  
  28  2:43  Oracle (Chrono Boost)  
  31  2:55  Nexus  
  31  2:59  Probe  
  32  3:11  Oracle (Chrono Boost), Probe  
  36  3:24  Probe  
  37  3:31  Twilight Council  
  37  3:36  Probe  
  38  3:48  Probe  
  39  3:53  Gateway  
  39  4:01  Shield Battery  
  39  4:13  Stalker x2  
  39  4:14  Probe x2  
  41  4:18  Blink (Chrono Boost)  
  41  4:26  Probe x2  
  43  4:38  Stalker x2, Probe (Chrono Boost)  
  48  4:44  Probe (Chrono Boost)  
  49  4:48  Probe (Chrono Boost)  
  49  4:51  Pylon  
  49  4:52  Probe (Chrono Boost)  
  51  4:53  Probe (Chrono Boost)  
  51  4:54  Stalker  
  54  5:07  Pylon  
  54  5:09  Probe x2  
  56  5:14  Stalker x2  
  56  5:17  Stalker  
  62  5:29  Probe x2  
  62  5:33  Nexus  
  64  5:41  Stalker  
  66  5:43  Stalker  
  66  5:47  Probe  
  66  5:48  Pylon, Probe  
  70  5:56  Forge  
  70  6:06  Shield Battery, Probe x2  
  72  6:17  Pylon  
  72  6:18  Probe x2 (Chrono Boost)  
  72  6:19  Robotics Facility  
  72  6:24  Protoss Ground Weapons Level 1 (Chrono Boost)  
  74  6:27  Stalker x2  
  74  6:28  Assimilator  
  78  6:33  Probe x2 (Chrono Boost)  
  80  6:45  Probe  
  81  6:50  Stalker x2  
  85  6:56  Probe x2  
  85  6:57  Stalker  
  85  6:59  Assimilator  
  89  7:02  Gateway  
  89  7:03  Gateway  
  89  7:05  Gateway  
  89  7:14  Stalker x2  
  93  7:17  Probe  
  93  7:20  Pylon  
  93  7:21  Pylon  
  93  7:22  Pylon  
  94  7:24  Gateway  
  94  7:27  Gateway  
  94  7:28  Observer (Chrono Boost)  
  95  7:43  Stalker x2  
  95  7:44  Stalker  
  101  7:54  Charge (Chrono Boost)  
  101  7:58  Probe x2  
  103  7:59  Nexus  
  103  8:00  Photon Cannon  
  103  8:01  Photon Cannon  
  103  8:03  Protoss Ground Weapons Level 2 (Chrono Boost), Photon Cannon  
  103  8:26  Stalker x3  
  103  8:27  Zealot x4  
  114  8:38  Probe  
  113  8:46  Probe  
  113  8:47  Probe  
  115  8:48  Zealot x5  
  115  8:54  Pylon  
  125  8:56  Pylon  
  125  8:58  Pylon  
  125  9:08  Pylon  
  125  9:10  Warp Prism  
  125  9:11  Pylon  
  125  9:15  Pylon  
  127  9:18  Zealot x6  
  139  9:25  Probe x2  
  139  9:26  Probe, Photon Cannon  
  140  9:41  Zealot x7  
  154  9:50  Probe x3  
  154  9:51  Probe  
  158  10:02  Probe  
  155  10:14  Stalker x8  
Show
View Real Time Build Order
Export as new Build Order

Highdra Protoss 

Build Orders:  

Get SALT Encoding   

  12  0:00  Probe  
  13  0:12  Probe  
  14  0:18  Pylon  
  14  0:24  Probe (Chrono Boost)  
  15  0:36  Probe (Chrono Boost)  
  15  0:38  Gateway  
  16  0:44  Probe (Chrono Boost)  
  16  0:46  Assimilator  
  17  0:51  Probe  
  17  0:55  Assimilator  
  18  1:03  Probe  
  19  1:09  Gateway  
  19  1:15  Probe  
  20  1:28  Probe  
  20  1:29  Cybernetics Core  
  21  1:36  Pylon  
  21  1:40  Probe  
  22  1:52  Probe  
  23  2:02  Warp Gate (Chrono Boost)  
  23  2:05  Stalker, Sentry, Probe  
  28  2:10  Pylon  
  28  2:23  Pylon  
  28  2:29  Sentry  
  30  2:46  Sentry  
  30  2:50  Nexus  
  30  2:51  Shield Battery  
  32  2:57  Probe  
  33  3:08  Robotics Facility  
  33  3:09  Probe  
  34  3:17  Pylon  
  34  3:22  Probe  
  35  3:30  Pylon  
  35  3:34  Probe (Chrono Boost)  
  35  3:43  Stalker x2  
  35  3:46  Probe (Chrono Boost)  
  36  3:54  Probe (Chrono Boost)  
  37  4:00  Probe  
  37  4:01  Twilight Council  
  38  4:07  Probe (Chrono Boost)  
  37  4:12  Probe (Chrono Boost)  
  37  4:15  Observer  
  37  4:19  Probe (Chrono Boost)  
  39  4:24  Probe (Chrono Boost)  
  39  4:28  Probe (Chrono Boost)  
  39  4:30  Probe (Chrono Boost)  
  41  4:36  Probe (Chrono Boost)  
  42  4:39  Probe (Chrono Boost)  
  44  4:46  Blink (Chrono Boost)  
  44  4:48  Probe (Chrono Boost)  
  44  4:49  Probe (Chrono Boost)  
  45  4:53  Probe (Chrono Boost)  
  45  4:57  Probe (Chrono Boost)  
  47  5:05  Probe (Chrono Boost)  
  47  5:06  Stalker x2  
  53  5:15  Probe (Chrono Boost)  
  53  5:16  Probe (Chrono Boost)  
  53  5:20  Pylon  
  54  5:25  Gateway  
  54  5:28  Gateway, Probe  
  54  5:30  Forge  
  54  5:36  Pylon  
  54  5:38  Probe  
  54  5:40  Probe  
  56  5:43  Stalker x2  
  60  5:50  Probe  
  60  5:53  Probe  
  62  5:59  Nexus, Protoss Ground Weapons Level 1 (Chrono Boost)  
  62  6:04  Probe  
  63  6:05  Probe  
  63  6:08  Pylon  
  63  6:16  Stalker  
  63  6:17  Stalker  
  67  6:19  Probe  
  67  6:22  Probe  
  69  6:26  Shield Battery  
  69  6:31  Stalker  
  71  6:32  Stalker  
  73  6:45  Pylon  
  71  6:47  Pylon  
  71  6:57  Nexus  
  71  6:58  Pylon  
  71  6:59  Charge  
  71  7:03  Immortal (Chrono Boost)  
  75  7:10  Nexus  
  75  7:13  Probe x2  
  77  7:16  Shield Battery  
  77  7:20  Stalker x2  
  77  7:22  Stalker  
  83  7:24  Pylon  
  83  7:25  Probe (Chrono Boost)  
  83  7:27  Probe (Chrono Boost)  
  85  7:36  Probe x2 (Chrono Boost)  
  87  7:44  Probe  
  87  7:50  Immortal  
  87  7:51  Stalker  
  94  7:52  Zealot x2  
  94  7:56  Probe x2  
  100  7:59  Gateway  
  92  8:13  Stalker x2  
  92  8:16  Zealot  
  92  8:17  Zealot  
  98  8:25  Probe x2  
  97  8:29  Gateway  
  97  8:30  Gateway  
  95  8:38  Zealot x4  
  98  8:51  Gateway, Immortal (Chrono Boost)  
  98  8:54  Pylon  
  95  9:06  Zealot x4  
  95  9:09  Pylon  
  101  9:20  Warp Prism (Chrono Boost), Zealot  
  101  9:23  Pylon  
  105  9:25  Zealot x2  
  105  9:27  Zealot  
  103  9:39  Zealot x3  
  103  9:41  Zealot  
  103  9:45  Pylon  
  111  9:49  Zealot x2  
  111  9:50  Zealot  
  104  10:11  Zealot x6  
  112  10:17  Zealot  
Tags
 
Add a new tag
Caveats
  • Supply blocks, unpowered buildings, or Contaminate may cause inaccurate times.
  • Supply counts are checked every 10 seconds.